Map: Nephor I

Players

Krami

  • Race: Protoss Protoss
  • League: Bronze
  • Spawn Location: 7:00

CaptainT

  • Race: Zerg Zerg
  • Spawn Location: 7:00

Xray

  • Race: Protoss Protoss
  • Spawn Location: 6:00

JohnMcClane - Winner!

  • Race: Protoss Protoss
  • Spawn Location: 12:00

MadDog - Winner!

  • Race: Zerg Zerg
  • Spawn Location: 1:00

Hindulaatti - Winner!

  • Race: Protoss Protoss
  • Spawn Location: 1:00

VOD

Have the link to the VOD?

Description

Time

  • Played on: Feb. 1, 2016, 10:14 a.m.
  • Length: 13:40
Show
View Real Time Build Order
Export as new Build Order

Krami Protoss 

Build Orders:  

Get SALT Encoding   

  12  0:08  Probe (Chrono Boost)  
  13  0:18  Probe (Chrono Boost)  
  14  0:22  Pylon  
  14  0:44  Gateway  
  14  0:51  Assimilator  
  14  0:54  Assimilator  
  14  0:58  Pylon  
  14  1:02  Probe (Chrono Boost)  
  15  1:13  Probe (Chrono Boost)  
  16  1:34  Cybernetics Core  
  16  1:41  Probe (Chrono Boost)  
  17  1:51  Probe (Chrono Boost)  
  18  1:59  Zealot (Chrono Boost)  
  20  2:02  Probe (Chrono Boost)  
  21  2:13  Warp Gate (Chrono Boost)  
  21  2:31  Stalker  
  23  2:51  Mothership Core  
  25  3:01  Stalker  
  27  3:20  Gateway  
  27  3:21  Gateway  
  27  3:24  Gateway  
  27  3:26  Gateway  
  27  3:35  Stalker  
  29  4:14  Pylon  
  29  4:19  Pylon  
  29  4:22  Pylon  
  29  4:25  Pylon  
  29  4:39  Probe  
  30  4:51  Probe  
  31  4:59  Stalker  
  33  5:00  Stalker x2  
  33  5:01  Stalker x2  
  33  5:03  Probe  
  42  5:47  Pylon  
  26  6:09  Stalker x3  
  26  6:10  Stalker x2  
  30  6:47  Stalker  
  30  6:48  Stalker x2  
  30  6:49  Stalker x2  
  40  7:16  Nexus  
  40  7:20  Pylon  
  40  7:23  Pylon  
  40  7:27  Assimilator  
  40  7:29  Assimilator  
  40  8:04  Stargate  
  40  8:06  Stargate  
  40  8:08  Stargate  
  40  8:10  Stargate  
  40  8:22  Stalker x3  
  23  9:59  Void Ray (Chrono Boost)  
  39  10:00  Void Ray x2 (Chrono Boost)  
  39  10:01  Void Ray (Chrono Boost)  
  18  11:44  Stalker x3  
  18  11:45  Stalker x2  
Show
View Real Time Build Order
Export as new Build Order

CaptainT Zerg 

Build Orders: Pool First 

Get SALT Encoding   

  12  0:02  Drone  
  13  0:14  Overlord  
  13  0:25  Drone  
  14  0:32  Drone  
  14  0:33  Drone  
  16  0:37  Drone  
  17  0:51  Drone  
  17  0:53  Extractor  
  17  0:56  Spawning Pool  
  16  0:59  Extractor  
  16  1:00  Drone  
  16  1:11  Drone  
  17  1:20  Drone  
  18  1:30  Drone  
  19  1:53  Queen  
  21  1:55  Metabolic Boost  
  21  1:59  Hatchery  
  20  2:09  Overlord  
  20  2:19  Drone x2  
  22  2:26  Overlord  
  22  2:46  Zergling x4  
  24  2:55  Lair  
  25  2:58  Drone  
  25  3:07  Drone  
  25  3:11  Queen  
  28  3:13  Drone  
  29  3:25  Drone  
  29  3:26  Drone  
  29  3:27  Drone  
  32  3:36  Drone  
  33  3:42  Drone  
  33  3:47  Queen  
  36  3:55  Extractor  
  35  3:57  Extractor  
  34  4:06  Hydralisk Den  
  33  4:10  Drone x3, Infestation Pit  
  33  4:14  Burrow  
  35  4:23  Pneumatized Carapace  
  35  4:25  Drone x2  
  35  4:26  Drone x2  
  35  4:27  Drone  
  35  4:29  Drone  
  41  4:39  Hydralisk  
  43  4:49  Overlord  
  43  5:13  Drone x4  
  47  5:14  Drone x2  
  47  5:15  Drone x3  
  52  5:32  Overlord x2  
  52  5:48  Spire  
  51  5:51  Zergling x12  
  57  6:07  Evolution Chamber  
  57  6:08  Roach Warren  
  55  6:13  Zergling x8  
  53  6:19  Zergling x2  
  53  6:22  Zergling x12  
  60  6:32  Drone  
  39  7:08  Mutalisk x4  
  39  7:09  Mutalisk x2  
  39  7:11  Mutalisk x5  
  39  7:12  Mutalisk  
  63  7:25  Drone  
  64  7:31  Overlord x2  
  64  7:32  Overlord  
  53  9:13  Drone  
  53  9:14  Drone x4  
  53  9:15  Drone  
  54  9:26  Overseer  
  54  9:28  Overseer  
  45  9:36  Mutalisk x2  
  41  9:42  Mutalisk x8  
  41  9:43  Mutalisk  
  36  10:22  Drone x2  
  36  10:23  Drone x4  
  12  11:37  Swarm Host  
  9  12:43  Mutalisk  
  9  12:44  Mutalisk x6  
Show
View Real Time Build Order
Export as new Build Order

Xray Protoss 

Build Orders:  

Get SALT Encoding   

  12  0:17  Probe (Chrono Boost)  
  13  0:28  Probe (Chrono Boost)  
  14  0:38  Probe (Chrono Boost)  
  15  0:45  Assimilator  
  15  0:53  Pylon  
  15  1:12  Probe (Chrono Boost)  
  16  1:22  Probe (Chrono Boost)  
  17  1:28  Gateway  
  17  1:33  Probe (Chrono Boost)  
  17  1:34  Gateway  
  17  1:39  Pylon  
  18  1:46  Pylon  
  18  2:08  Forge  
  18  2:28  Zealot  
  22  2:37  Zealot (Chrono Boost)  
  22  2:45  Protoss Ground Weapons Level 1  
  22  2:53  Assimilator  
  22  2:58  Zealot (Chrono Boost)  
  24  3:04  Probe, Zealot (Chrono Boost)  
  27  3:25  Zealot (Chrono Boost)  
  29  3:28  Zealot (Chrono Boost)  
  31  3:35  Pylon  
  31  3:58  Pylon  
  31  4:13  Photon Cannon  
  31  4:17  Photon Cannon  
  31  4:39  Cybernetics Core, Protoss Ground Armor Level 1  
  31  5:20  Twilight Council  
  31  5:21  Protoss Air Weapons Level 1  
  33  5:30  Stalker (Chrono Boost)  
  33  5:35  Stalker (Chrono Boost)  
  35  5:52  Photon Cannon  
  27  6:03  Photon Cannon  
  20  6:18  Zealot (Chrono Boost)  
  22  6:21  Zealot (Chrono Boost)  
  22  6:33  Protoss Shields Level 1  
  22  6:41  Zealot (Chrono Boost)  
  26  6:48  Zealot (Chrono Boost)  
  26  6:50  Photon Cannon  
  26  7:04  Photon Cannon  
  26  7:05  Zealot (Chrono Boost)  
  28  7:15  Zealot (Chrono Boost), Protoss Air Armor Level 1  
  30  7:22  Gateway  
  30  7:28  Zealot (Chrono Boost)  
  34  7:52  Stalker (Chrono Boost)  
  34  7:56  Stalker (Chrono Boost)  
  36  8:18  Stalker (Chrono Boost)  
  38  8:25  Zealot (Chrono Boost)  
  38  8:26  Stalker (Chrono Boost)  
  42  8:41  Stargate  
  42  8:44  Stalker (Chrono Boost)  
  44  8:52  Zealot (Chrono Boost)  
  48  8:56  Stalker (Chrono Boost)  
  48  9:09  Warp Gate  
  48  9:10  Stalker (Chrono Boost)  
  52  9:19  Zealot (Chrono Boost)  
  46  9:26  Stalker (Chrono Boost)  
  38  9:35  Stargate  
  38  9:36  Stalker (Chrono Boost)  
  34  9:55  Stalker (Chrono Boost)  
  34  10:10  Mothership Core  
  20  11:15  Void Ray (Chrono Boost)  
  28  11:20  Void Ray (Chrono Boost)  
  28  11:26  Photon Cannon  
  28  11:37  Photon Cannon  
  25  11:48  Zealot x3  
Show
View Real Time Build Order
Export as new Build Order

JohnMcClane Protoss - Winner!

Build Orders: 1 Gate Expand 

Get SALT Encoding   

  12  0:01  Probe (Chrono Boost)  
  13  0:12  Probe (Chrono Boost)  
  14  0:18  Pylon  
  14  0:27  Probe (Chrono Boost)  
  15  0:37  Gateway  
  15  0:38  Probe (Chrono Boost)  
  16  0:49  Probe (Chrono Boost)  
  17  0:52  Assimilator  
  17  0:59  Probe (Chrono Boost)  
  18  1:06  Assimilator  
  18  1:10  Probe (Chrono Boost)  
  19  1:21  Probe (Chrono Boost)  
  20  1:30  Nexus  
  20  1:41  Cybernetics Core  
  20  1:46  Probe (Chrono Boost)  
  21  1:56  Probe (Chrono Boost)  
  22  2:02  Pylon  
  22  2:07  Probe (Chrono Boost)  
  23  2:18  Warp Gate  
  23  2:21  Mothership Core (Chrono Boost)  
  25  2:28  Robotics Facility  
  25  2:39  Assimilator, Probe (Chrono Boost)  
  25  2:42  Probe (Chrono Boost)  
  27  2:50  Probe (Chrono Boost)  
  28  2:53  Probe (Chrono Boost)  
  29  3:00  Probe (Chrono Boost)  
  29  3:03  Probe (Chrono Boost)  
  31  3:09  Pylon  
  31  3:11  Probe (Chrono Boost)  
  32  3:13  Robotics Facility  
  32  3:14  Probe (Chrono Boost)  
  33  3:21  Assimilator, Probe (Chrono Boost)  
  33  3:23  Probe (Chrono Boost)  
  33  3:26  Observer (Chrono Boost)  
  36  3:32  Probe  
  37  3:36  Probe  
  38  3:45  Probe  
  38  3:46  Pylon  
  39  3:49  Probe  
  40  3:57  Robotics Bay, Pylon  
  40  4:06  Immortal (Chrono Boost)  
  40  4:09  Probe  
  45  4:17  Probe  
  45  4:21  Probe  
  45  4:22  Pylon  
  47  4:27  Probe  
  47  4:28  Gateway  
  52  4:40  Probe  
  52  4:43  Immortal (Chrono Boost)  
  53  4:46  Disruptor (Chrono Boost)  
  53  4:49  Probe  
  57  4:54  Probe  
  57  4:57  Gateway  
  58  5:17  Pylon  
  58  5:21  Disruptor (Chrono Boost)  
  61  5:27  Warp Prism (Chrono Boost)  
  63  5:37  Probe  
  63  5:38  Probe  
  65  5:56  Disruptor (Chrono Boost)  
  68  5:58  Disruptor (Chrono Boost)  
  68  6:01  Probe  
  68  6:02  Probe  
  73  6:16  Gateway  
  73  6:19  Gateway  
  73  6:20  Pylon  
  73  6:23  Pylon  
  73  6:29  Disruptor (Chrono Boost)  
  73  6:32  Warp Prism (Chrono Boost)  
  78  6:48  Zealot x3  
  84  7:00  Warp Prism (Chrono Boost)  
  86  7:08  Disruptor (Chrono Boost)  
  89  7:15  Zealot x3  
  91  7:16  Gateway  
  91  7:17  Gateway  
  95  7:31  Disruptor (Chrono Boost)  
  92  7:48  Zealot x3  
  90  8:03  Assimilator  
  90  8:05  Forge  
  90  8:07  Assimilator  
  90  8:09  Nexus  
  90  8:10  Forge  
  90  8:18  Twilight Council  
  90  8:24  Pylon  
  90  8:27  Pylon  
  90  8:39  Stalker x3  
  85  8:49  Mothership Core  
  85  8:51  Stalker x4  
  93  9:05  Pylon  
  93  9:10  Photon Cannon  
  93  9:14  Protoss Ground Armor Level 1 (Chrono Boost), Photon Cannon  
  93  9:15  Protoss Ground Weapons Level 1 (Chrono Boost)  
  93  9:16  Photon Cannon  
  93  9:19  Stalker x7  
  103  9:52  Zealot x3  
  107  9:53  Zealot x3  
  115  10:12  Zealot x2  
  115  10:13  Zealot x3  
  125  10:20  Pylon  
  125  10:22  Pylon  
  125  10:23  Pylon  
  125  10:30  Nexus  
  125  10:32  Pylon  
  125  10:33  Pylon  
  125  10:35  Pylon  
  125  10:37  Pylon  
  125  10:38  Pylon, Probe x3  
  126  10:50  Zealot  
  126  10:51  Zealot x2  
  128  11:07  Protoss Ground Weapons Level 2 (Chrono Boost)  
  128  11:08  Protoss Ground Armor Level 2 (Chrono Boost), Charge  
  128  11:18  Photon Cannon  
  128  11:19  Gateway  
  124  11:49  Stalker x2  
  124  11:50  Stalker  
  124  11:53  Assimilator  
  130  11:57  Assimilator  
  130  11:59  Pylon  
  130  12:23  Zealot x6  
  130  12:28  Stalker  
  145  12:37  Probe x2  
  146  12:55  Stalker x5  
Show
View Real Time Build Order
Export as new Build Order

MadDog Zerg - Winner!

Build Orders: Pool First 

Get SALT Encoding   

  12  0:09  Drone x2  
  14  0:20  Overlord  
  14  0:32  Overlord  
  14  0:43  Spawning Pool  
  14  0:46  Drone  
  14  0:53  Drone  
  14  0:54  Drone  
  16  1:06  Drone  
  17  1:21  Extractor  
  16  1:26  Drone x2, Extractor  
  17  1:40  Hatchery  
  17  1:41  Drone  
  17  1:53  Zergling x2  
  18  1:57  Drone  
  19  2:14  Drone  
  20  2:17  Queen  
  22  2:31  Evolution Chamber  
  22  2:36  Evolution Chamber, Drone x2  
  22  2:46  Metabolic Boost  
  22  2:56  Drone x2  
  24  3:14  Zergling x4  
  24  3:19  Zerg Melee Weapons Level 1  
  26  3:32  Drone  
  28  3:34  Zergling x2  
  28  3:39  Zerg Ground Armor Level 1  
  28  3:47  Drone  
  28  3:48  Drone x2  
  31  3:50  Queen  
  33  4:04  Overlord  
  33  4:06  Overlord  
  33  4:07  Zergling x2  
  34  4:39  Drone x2  
  34  4:40  Drone x2  
  34  4:41  Drone  
  39  4:49  Lair  
  39  4:56  Roach Warren  
  38  5:01  Drone  
  38  5:02  Drone  
  38  5:05  Zergling x8  
  44  5:18  Zerg Missile Weapons Level 1  
  39  6:01  Roach x6  
  39  6:02  Zerg Ground Armor Level 2  
  51  6:19  Extractor  
  51  6:22  Extractor  
  49  6:29  Drone x2  
  50  7:20  Zerg Missile Weapons Level 2  
  50  7:36  Infestation Pit  
  49  7:41  Roach  
  49  7:43  Overlord x3  
  49  7:44  Overlord x2  
  47  8:18  Zerg Melee Weapons Level 2  
  46  8:27  Hive  
  46  8:47  Roach x6  
  46  8:48  Roach  
  59  9:05  Hydralisk Den  
  59  9:08  Glial Reconstitution  
  58  9:36  Hydralisk x3  
  58  9:37  Hydralisk x5  
  74  9:40  Overlord  
  74  10:26  Hydralisk x4  
  74  10:27  Overlord  
  82  10:28  Overlord  
  82  10:44  Muscular Augments  
  82  11:51  Hydralisk  
  82  11:52  Hydralisk x6  
  82  11:53  Hydralisk  
  98  13:04  Overlord x3  
  98  13:05  Overlord x5  
  98  13:07  Overlord  
Show
View Real Time Build Order
Export as new Build Order

Hindulaatti Protoss - Winner!

Build Orders:  

Get SALT Encoding   

  12  0:01  Probe (Chrono Boost)  
  13  0:11  Probe (Chrono Boost)  
  14  0:19  Pylon  
  14  0:22  Probe (Chrono Boost)  
  15  0:37  Probe (Chrono Boost)  
  15  0:39  Gateway  
  16  0:47  Probe (Chrono Boost)  
  17  0:58  Probe (Chrono Boost)  
  17  1:00  Assimilator  
  17  1:04  Assimilator  
  18  1:08  Probe (Chrono Boost)  
  19  1:15  Pylon  
  19  1:19  Probe (Chrono Boost)  
  20  1:26  Cybernetics Core  
  20  1:30  Probe (Chrono Boost)  
  21  1:40  Probe (Chrono Boost)  
  22  1:51  Probe (Chrono Boost)  
  23  1:59  Pylon  
  23  2:01  Probe (Chrono Boost)  
  23  2:03  Adept, Warp Gate  
  26  2:12  Mothership Core (Chrono Boost)  
  28  2:20  Robotics Facility  
  28  2:30  Probe (Chrono Boost), Adept  
  31  2:40  Gateway  
  31  2:41  Probe (Chrono Boost)  
  32  2:54  Pylon, Probe (Chrono Boost)  
  33  3:08  Warp Prism  
  33  3:09  Probe (Chrono Boost)  
  36  3:18  Pylon  
  36  3:21  Twilight Council, Probe (Chrono Boost)  
  36  3:26  Adept  
  39  3:40  Pylon  
  39  3:43  Adept  
  39  3:48  Probe (Chrono Boost)  
  42  3:55  Observer  
  43  3:58  Resonating Glaives (Chrono Boost)  
  43  4:01  Dark Shrine  
  43  4:11  Probe (Chrono Boost)  
  43  4:14  Adept  
  46  4:23  Probe  
  47  4:25  Immortal  
  47  4:27  Adept  
  53  4:46  Nexus  
  53  5:10  Immortal  
  53  5:11  Adept x2  
  61  5:36  Nexus  
  61  5:37  Pylon  
  57  6:06  Immortal  
  61  6:17  Adept x2  
  53  6:41  Dark Templar x2  
  53  6:42  Gateway  
  53  6:45  Gateway  
  57  6:53  Gateway  
  57  6:58  Probe  
  58  7:01  Probe  
  58  7:03  Probe  
  60  7:09  Probe  
  60  7:11  Gateway  
  61  7:17  Dark Templar  
  61  7:20  Probe  
  64  7:32  Probe x2  
  64  7:34  Probe  
  67  7:41  Immortal  
  67  7:43  Probe x2  
  71  7:46  Probe  
  71  7:47  Assimilator  
  71  7:48  Assimilator  
  74  7:53  Probe  
  74  7:58  Probe  
  76  8:00  Charge (Chrono Boost)  
  76  8:04  Stalker  
  76  8:05  Stalker  
  80  8:19  Stalker  
  82  8:20  Stalker, Immortal  
  78  8:30  Stalker  
  78  8:39  Stalker  
  80  8:53  Dark Templar  
  82  9:05  Stalker x3  
  82  9:07  Stalker  
  90  9:11  Assimilator  
  90  9:13  Assimilator  
  64  9:35  Probe x2  
  64  9:37  Probe  
  67  9:38  Stalker x2  
  67  9:39  Stalker x3  
  75  9:46  Probe  
  75  9:49  Probe  
  75  9:50  Zealot  
  79  9:53  Probe  
  79  9:56  Probe  
  81  10:01  Probe  
  81  10:04  Probe  
  83  10:08  Zealot  
  83  10:11  Pylon, Probe  
  83  10:13  Pylon  
  84  10:14  Probe  
  84  10:15  Pylon  
  84  10:17  Pylon  
  84  10:18  Pylon  
  85  10:28  Probe  
  85  10:30  Mothership Core, Probe  
  85  10:35  Zealot x5  
  99  10:38  Probe  
  99  10:41  Probe  
  101  10:49  Probe  
  101  10:51  Probe  
  103  11:03  Stalker x2  
  103  11:04  Stalker x4  
  93  11:48  Stalker x6  
  93  11:51  Probe x2  
  93  11:52  Probe  
  93  11:53  Blink (Chrono Boost)  
  108  12:01  Probe x2  
  108  12:04  Probe  
  108  12:06  Immortal  
  115  12:12  Forge, Probe x2  
  115  12:13  Forge, Stalker x4  
  125  12:35  Pylon x2  
  125  12:36  Pylon x2, Nexus  
  125  12:51  Probe x2  
  125  12:53  Probe  
  125  12:57  Dark Templar x5  
  125  12:58  Dark Templar  
  138  13:15  Pylon x2  
  138  13:16  Pylon  
  136  13:25  Assimilator  
  136  13:30  Assimilator  
Tags
 
Add a new tag
Caveats
  • Supply blocks, unpowered buildings, or Contaminate may cause inaccurate times.
  • Supply counts are checked every 10 seconds.